 Dungeon Sprint DCSS version 0.30-a0-34-gbe8da3892a (webtiles) character file.

Game seed: 8468479420265432606

2014 mhtbhm the Earth Mage (level 9, -8/40 HPs)
             Began as a Gargoyle Earth Elementalist on Aug 27, 2022.
             Was a Priest of Vehumet.
             Shot with an arrow by a centaur warrior (10 damage)
             ... in the Dungeon (Sprint III: "The Ten Rune Challenge").
             The game lasted 00:03:56 (1489 turns).

mhtbhm the Earth Mage (Gargoyle Earth Elementalist) Turns: 1489, Time: 00:03:57

Health: -8/40      AC: 10    Str: 15 (16) XL:     9   Next: 22%
Magic:  22/22      EV: 12    Int: 18 (19) God:    Vehumet [***...]
Gold:   11         SH:  0    Dex:  9      Spells: 22/32 levels left

rFire   . . .      SeeInvis .    b - +1 dagger (vamp)
rCold   . . .      Faith    .    (no shield)
rNeg    + . .      Spirit   .    a - +2 robe
rPois   ∞          Reflect  .    (no helmet)
rElec   +          Harm     .    (no cloak)
rCorr   .          Rampage  .    (no gloves)
Will    .....      NoTele   +    (no boots)
Stlth   ++........               (no amulet)
HPRegen 0.13/turn                (no ring)
MPRegen 0.18/turn                (no ring)

@: no status effects
A: sickness immunity, AC +6, negative energy resistance 1, electricity
resistance, torment resistance 1, petrification resistance, deterioration 1,
frail 1, low MP 1, strong 1
a: Renounce Religion


You were in the Dungeon.
You worshipped Vehumet.
Vehumet was most pleased with you.
You visited 1 branch You collected 11 gold pieces.

Inventory:

Hand Weapons
 b - a +1 vampiric dagger (weapon)
Armour
 a - a +2 robe (worn)
Wands
 j - a wand of acid (10)
Scrolls
 c - a scroll of torment {unknown}
 d - 2 scrolls of identify {unknown}
 f - a scroll of poison {unknown}
 g - a scroll of blinking
Potions
 e - 2 potions of flight {unknown}
 h - a potion of brilliance {unknown}
 i - a potion of curing
Miscellaneous
 k - a lightning rod (2/4)


   Skills:
 - Level 0.1 Fighting
 + Level 3.8 Dodging
 + Level 4.8 Stealth
 - Level 0.4 Unarmed Combat
 + Level 12.4 Spellcasting
 + Level 4.3 Conjurations
 + Level 0.8 Transmutations
 + Level 16.1 Earth Magic
 + Level 1.6 Evocations


You had 22 spell levels left.
You knew the following spells:

 Your Spells              Type           Power      Damage    Failure   Level
a - Sandblast             Erth           100%       2d20      0%          1
b - Passwall              Tmut/Erth      34%        N/A       1%          2
c - Stone Arrow           Conj/Erth      96%        3d13      1%          3
d - Petrify               Tmut/Erth      41%        N/A       1%          4

Your spell library contained the following spells:

 Spells                   Type           Power      Damage    Failure   Level
 Olgreb's Toxic Radiance  Pois           11%        N/A       16%         4
 Gell's Gravitas          Tloc           11%        N/A       19%         3
 Summon Guardian Golem    Hex/Summ       11%        N/A       19%         3
 Teleport Other           Tloc           11%        N/A       19%         3
 Orb of Destruction       Conj           13%        9d7       88%         7
 Spellforged Servitor     Conj/Summ      9%         N/A       99%         7
 Dispersal                Tloc           5%         N/A       100%        6


Dungeon Overview and Level Annotations

Branches:
Dungeon (1/1)

Altars:
Cheibriados
Dithmenos
Elyvilon
Fedhas
Gozag
Hepliaklqana
Kikubaaqudgha
Makhleb
Nemelex Xobeh
Okawaru
Qazlal
Ru
Sif Muna
Trog
Uskayaw
Vehumet
Wu Jian
Xom
Yredelemnul
Zin
The Shining One
Jiyva
Lugonu


Innate Abilities, Weirdness & Mutations

You are immune to sickness and miasma.
Your stone body is resilient. (AC +6)
You are immune to poison.
You resist negative energy. (rN+)
You are resistant to electric shocks. (rElec)
You are resistant to unholy torment.
You are immune to petrification.
Your body sometimes deteriorates upon taking damage.
You are frail. (-10% HP)
Your magical capacity is low. (-10% MP)
Your muscles are strong. (Str +4, Int/Dex -1)


Message History

It bursts into flame!
The centaur warrior shoots an arrow.
The arrow hits you. The arrow burns you.
There is an open door here.
Casting: Stone Arrow (safe; 1% risk of failure)
Confirm with . or Enter, or press ? or * to list all spells.
You don't know that spell.
Aiming: Thunderbolt
Press: ? - help, Shift-Dir - straight line, f - centaur
Aim: a centaur, wielding a +0 shortbow The thunderbolt hits the centaur!
The centaur is moderately wounded.
The centaur shoots an arrow.
The arrow hits you!
Your body deteriorates!
You feel dopey.
Unknown command.
Unknown command.
Aiming: Thunderbolt
Press: ? - help, Shift-Dir - straight line, f/p - centaur
Aim: a centaur, wielding a +0 shortbow (moderately wounded)
The thunderbolt hits the centaur!!
You kill the centaur!
Vehumet accepts your kill.
Vehumet is now aiding your destructive spells.
Your lightning rod (3/4) has regained one charge.
Unknown command.
Unknown command.
Aiming: Thunderbolt
Press: ? - help, Shift-Dir - straight line, f - centaur
Aim: a centaur, wielding a +0 shortbow The thunderbolt hits the centaur!!
You kill the centaur!
Vehumet accepts your kill.
Vehumet offers you knowledge of Olgreb's Toxic Radiance.
The thunderbolt hits the centaur warrior!!
The centaur warrior is moderately wounded.
The centaur warrior shoots an arrow.
The arrow hits you!!
Ouch! That really hurt!
* * * LOW HITPOINT WARNING * * *
Your body deteriorates!
You feel weakened. The arrow burns you!
You die...

#___#__# #__)#._#
#†###)## .†.....#
.......# ######'#
#__#...#+#############
#__#...#..~~~'.#.')c.+
#__#...#.#[~~#.#@#...#
#__#...'.#.§§#.#.#.c.#
#__'...#.#..§#...#cc.#
▓▓▓▓▓▓▓▓▓▓▓▓▓▓▓▓▓▓▓▓▓#


You could see a centaur warrior.

Vanquished Creatures
  Josephine (D)
  A deep elf pyromancer (D)
  A shadow (D)
  A spatial vortex (D)
  2 centaurs (D)
  An earth elemental (D)
  A necrophage (D)
  A scorpion (D)
  A water elemental (D)
  A jelly (D)
  A wizard (D)
  A necromancer (D)
  3 humans (D)
  A kobold demonologist (D)
  An endoplasm (D)
  3 rats (D)
21 creatures vanquished.

Notes
Turn   | Place    | Note
-------+----------+-------------------------------------------
     0 | D        | mhtbhm the Gargoyle Earth Elementalist began the quest for
                  | the Orb.
     0 | D        | Reached XP level 1. HP: 10/10 MP: 3/3
     8 | D        | Reached skill level 4 in Earth Magic
   144 | D        | Reached skill level 5 in Earth Magic
   144 | D        | Reached XP level 2. HP: 15/15 MP: 0/6
   188 | D        | Learned a level 2 spell: Passwall
   248 | D        | Noticed a scorpion
   251 | D        | Killed a scorpion
   252 | D        | Reached skill level 7 in Earth Magic
   252 | D        | Reached XP level 3. HP: 19/19 MP: 3/9
   252 | D        | Reached XP level 4. HP: 24/24 MP: 3/10
   314 | D        | Gained mutation: You occasionally lose the ability to read
                  | scrolls when taking damage. [potion of mutation]
   314 | D        | Gained mutation: You have large cloven feet. [potion of
                  | mutation]
   314 | D        | Gained mutation: You possess an exceptional clarity of
                  | mind. [potion of mutation]
   314 | D        | Gained mutation: Your spells are a little harder to cast,
                  | but a little more powerful. [potion of mutation]
   315 | D        | Lost mutation: You have large cloven feet. [potion of
                  | mutation]
   315 | D        | Lost mutation: You occasionally lose the ability to read
                  | scrolls when taking damage. [potion of mutation]
   315 | D        | Lost mutation: You possess an exceptional clarity of mind.
                  | [potion of mutation]
   315 | D        | Gained mutation: You are agile. (Dex +4, Str/Int -1)
                  | [potion of mutation]
   315 | D        | Gained mutation: Your magical capacity is low. (-10% MP)
                  | [potion of mutation]
   315 | D        | Gained mutation: You expend magic power (3 MP) to
                  | strengthen your wands. [potion of mutation]
   316 | D        | Lost mutation: Your spells are a little harder to cast, but
                  | a little more powerful. [potion of mutation]
   316 | D        | Lost mutation: You expend magic power (3 MP) to strengthen
                  | your wands. [potion of mutation]
   316 | D        | Gained mutation: You are frail. (-10% HP) [potion of
                  | mutation]
   316 | D        | Gained mutation: Armour fits poorly on your strangely
                  | shaped body. [potion of mutation]
   317 | D        | Lost mutation: You are agile. (Dex +4, Str/Int -1) [potion
                  | of mutation]
   317 | D        | Lost mutation: Armour fits poorly on your strangely shaped
                  | body. [potion of mutation]
   317 | D        | Gained mutation: Your body sometimes deteriorates upon
                  | taking damage. [potion of mutation]
   317 | D        | Gained mutation: Your muscles are strong. (Str +4, Int/Dex
                  | -1) [potion of mutation]
   429 | D        | Learned a level 3 spell: Stone Arrow
   434 | D        | Learned a level 4 spell: Petrify
   434 | D        | Noticed a water elemental
   436 | D        | Killed a water elemental
   437 | D        | Reached skill level 5 in Spellcasting
   437 | D        | Reached skill level 9 in Earth Magic
   437 | D        | Reached XP level 5. HP: 25/25 MP: 6/12
   571 | D        | Found a radiant altar of Vehumet.
   571 | D        | Found a shimmering blue altar of Sif Muna.
   571 | D        | Found an ancient bone altar of Kikubaaqudgha.
   574 | D        | Reached skill level 10 in Earth Magic
   584 | D        | Became a worshipper of Vehumet
   595 | D        | Found a glowing silver altar of Zin.
   595 | D        | Found a glowing golden altar of the Shining One.
   595 | D        | Found a white marble altar of Elyvilon.
   595 | D        | Noticed a deep elf pyromancer
   598 | D        | Killed a deep elf pyromancer
   599 | D        | Reached skill level 13 in Earth Magic
   599 | D        | Reached XP level 6. HP: 16/28 MP: 5/16
   599 | D        | Reached XP level 7. HP: 18/32 MP: 5/17
   803 | D        | Found a basalt altar of Yredelemnul.
   803 | D        | Found a shadowy altar of Dithmenos.
   803 | D        | Found a sacrificial altar of Ru.
   810 | D        | Reached * piety under Vehumet
   810 | D        | Offered knowledge of Shock by Vehumet.
   911 | D        | Found a hide-covered altar of Uskayaw.
   911 | D        | Found an iron altar of Okawaru.
   911 | D        | Found a bloodstained altar of Trog.
   911 | D        | Found an ornate altar of the Wu Jian Council.
   911 | D        | Noticed a human
   911 | D        | Noticed a human
   916 | D        | Killed a human
   917 | D        | Reached skill level 10 in Spellcasting
   917 | D        | Reached skill level 1 in Conjurations
   918 | D        | Killed a human
   919 | D        | Reached skill level 14 in Earth Magic
   919 | D        | Reached XP level 8. HP: 21/36 MP: 13/20
  1047 | D        | Noticed a shadow
  1049 | D        | Killed a shadow
  1049 | D        | Offered knowledge of Magic Dart by Vehumet.
  1049 | D        | Reached ** piety under Vehumet
  1072 | D        | Found a blossoming altar of Fedhas.
  1072 | D        | Found a stormy altar of Qazlal.
  1072 | D        | Found a snail-covered altar of Cheibriados.
  1072 | D        | Found a burning altar of Makhleb.
  1072 | D        | Found a shimmering altar of Xom.
  1073 | D        | Found a hazy altar of Hepliaklqana.
  1073 | D        | Found an opulent altar of Gozag.
  1073 | D        | Found a sparkling altar of Nemelex Xobeh.
  1073 | D        | Found a corrupted altar of Lugonu.
  1073 | D        | Found a viscous altar of Jiyva.
  1172 | D        | Noticed Josephine
  1178 | D        | Killed Josephine
  1178 | D        | Offered knowledge of Static Discharge by Vehumet.
  1179 | D        | Reached skill level 16 in Earth Magic
  1179 | D        | Reached skill level 1 in Evocations
  1179 | D        | Reached XP level 9. HP: 13/40 MP: 12/22
  1485 | D        | Noticed a centaur warrior
  1488 | D        | Reached *** piety under Vehumet
  1489 | D        | Offered knowledge of Olgreb's Toxic Radiance by Vehumet.
  1489 | D        | HP: 2/40 [centaur warrior/arrow (23)]
  1489 | D        | Shot with an arrow by a centaur warrior

Illustrated notes

Levels and vault maps discovered:
D:        dungeon_sprint_mu [sprint_mu_entry_cave, sprint_mu_temple_rooms,
          sprint_mu_d1_horrors, sprint_mu_d2_genie, sprint_mu_d3_branching,
          sprint_mu_orc_legion, sprint_mu_elf_gauntlet, sprint_mu_hive_nellie,
          sprint_mu_lair_fedhas, sprint_mu_vaults_butterflies,
          sprint_mu_slime_circle, sprint_mu_shoals_archi,
          sprint_mu_snake_twists, sprint_mu_blade_basic,
          sprint_mu_crypt_fortress, sprint_mu_tomb_spiral,
          sprint_mu_vestibule_basic, sprint_mu_gehenna_hellfire,
          sprint_mu_dis_giant, sprint_mu_tartarus_statrot,
          sprint_mu_cocytus_islands, sprint_mu_zot1]

Skill      XL: |  1  2  3  4  5  6  7  8 |
---------------+-------------------------+-----
Earth Magic    | 5 7 9 13 14 16 | 16.1
Stealth        | 3 4 |  4.8
Spellcasting   | 3 4 5 9 10 12 | 12.4
Dodging        | 2 3 |  3.8
Conjurations   | 1 4 |  4.3
Evocations     | 1 |  1.6
Fighting       | |  0.1
Unarmed Combat | |  0.4
Transmutations | |  0.8

Action                   |  1- 3 |  4- 6 |  7- 9 || total
-------------------------+-------+-------+-------++-------
Melee: Unarmed           |     5 |       |       ||     5
 Cast: Sandblast         |    21 |     4 |    13 ||    38
       Stone Arrow       |       |     3 |    17 ||    20
Evoke: Wand              |       |       |     2 ||     2
       Lightning rod     |       |       |     3 ||     3
  Use: Potion            |     8 |     4 |       ||    12
Armor: Robe              |     1 |       |     2 ||     3
Dodge: Dodged            |     6 |       |     5 ||    11

Table legend: (Time is in decaauts)
 A = Elapsed time spent in this place.
 B = Non-inter-level travel time spent in this place.
 C = Inter-level travel time spent in this place.
 D = Time resting spent in this place.
 E = Time spent auto-exploring this place.
 F = Levels seen in this place.
 G = Mean time per level.
                   A        B        C        D        E       F      G
               +--------+--------+--------+--------+--------+-----+--------+
         Total |   1503 |   1503 |      0 |   1079 |    121 |   1 | 1503.0 |
       Dungeon |   1503 |   1503 |      0 |   1079 |    121 |   1 | 1503.0 |
               +--------+--------+--------+--------+--------+-----+--------+

Top non-repeatable levels by time:
       D: 1503 daAuts
